 Dungeon Crawl Stone Soup version 0.30.0-15-g856e2d3f33 (webtiles) character file.

Game seed: 12775682094418134104

32928 thromnambular the Fighter (level 14, -1/113 HPs)
             Began as a Human Conjurer on May 16, 2023.
             Was a High Priest of Kikubaaqudgha.
             Succumbed to a wolf spider's poison
             ... on level 3 of the Lair of Beasts on May 18, 2023.
             The game lasted 01:22:00 (22818 turns).

thromnambular the Fighter (Human Conjurer)         Turns: 22818, Time: 01:22:00

Health: -1/113     AC: 12    Str:  7    XL:     14   Next: 5%
Magic:  6/23       EV: 14    Int: 27    God:    Kikubaaqudgha [*****.]
Gold:   1045       SH: 10    Dex: 15    Spells: 4/25 levels left

rFire   . . .        F - +4 broad axe (freeze)
rCold   . . .        x - +0 buckler
rNeg    . . .        C - +0 troll leather armour
rPois   .            r - +0 helmet
rElec   .            q - +1 cloak
rCorr   +            E - +1 pair of gloves
SInv    .            H - +0 pair of boots
Will    +....        B - amulet of reflection
Stlth   ++           i - ring of resist corrosion
HPRegen 1.18/turn    e - +6 ring of intelligence
MPRegen 0.18/turn

%: reflection
@: lethally poisoned (-1 -> -11)
A: no striking features
a: Renounce Religion, Unearth Wretches, Torment


You were on level 3 of the Lair of Beasts.
You worshipped Kikubaaqudgha.
Kikubaaqudgha was extremely pleased with you.
You visited 3 branches of the dungeon, and saw 17 of its levels.

You collected 1157 gold pieces.
You spent 112 gold pieces at shops.

Inventory:

Hand Weapons
 a - a +4 trident of venom
 F - a +4 broad axe of freezing (weapon)
Missiles
 y - 2 throwing nets
Armour
 q - a +1 cloak (worn)
 r - a +0 helmet (worn)
 x - a +0 buckler (worn)
 C - a +0 troll leather armour (worn)
 E - a +1 pair of gloves (worn)
 G - a +2 leather armour of fire resistance
 H - a +0 pair of boots (worn)
Magical Staves
 b - a staff of conjuration
Jewellery
 e - a +6 ring of intelligence (right hand)
 i - a ring of resist corrosion (left hand)
 s - a +6 ring of intelligence
 w - a +6 ring of dexterity
 B - an amulet of reflection (around neck)
 I - a ring of poison resistance
 J - an amulet of guardian spirit
Wands
 c - a wand of iceblast (3)
 d - a wand of flame (64)
 k - a wand of charming (9)
 p - a wand of polymorph (3)
Scrolls
 f - a scroll of teleportation
 j - a scroll of immolation
 l - 6 scrolls of amnesia
 v - a scroll of silence
 D - a scroll of fog
Potions
 h - a potion of might
 m - 7 potions of brilliance
 n - 2 potions of mutation
 t - 2 potions of ambrosia
 u - 2 potions of flight
 z - a potion of cancellation
 A - a potion of lignification {unknown}
Miscellaneous
 o - a box of beasts (inert)


   Skills:
 - Level 11.5 Fighting
 + Level 8.1(9.6) Axes
 - Level 8.0(9.5) Polearms
 - Level 8.0 Armour
 - Level 8.3 Dodging
 - Level 3.0 Stealth
 - Level 4.0 Shields
 - Level 6.0 Spellcasting
 - Level 8.3 Conjurations
 - Level 2.7 Hexes
 - Level 2.4 Necromancy
 - Level 4.1 Translocations
 - Level 1.2 Air Magic


You had 4 spell levels left.
You knew the following spells:

 Your Spells              Type           Power      Damage    Failure   Level
a - Magic Dart            Conj           100%       1d8       1%          1
b - Searing Ray           Conj           100%       2d8       1%          2
c - Dazzling Flash        Conj/Hex       76%        N/A       4%          3
d - Iskenderun's Mystic   Conj/Tloc      42%        2d10      11%         4
e - Tukima's Dance        Hex            22%        N/A       14%         3
f - Agony                 Necr           21%        N/A       82%         5
g - Mephitic Cloud        Conj/Pois/Air  25%        N/A       12%         3

Your spell library contained the following spells:

 Spells                   Type           Power      Damage    Failure   Level
 Kiss of Death            Conj/Necr      100%       2d13      1%          1
 Necrotise                Necr           84%        1d8       5%          1
 Sublimation of Blood     Necr           21%        N/A       8%          2
 Portal Projectile        Hex/Tloc       52%        N/A       11%         3
 Ensorcelled Hibernation  Hex/Ice        30%        N/A       12%         2
 Cigotuvi's Dreadful Rot  Necr/Pois/Air  28%        N/A       13%         2
 Beastly Appendage        Tmut           16%        N/A       14%         1
 Sting                    Tmut/Pois      32%        1d4       14%         1
 Fulminant Prism          Conj/Hex       19%        3d11      14%         4
 Poisonous Vapours        Pois/Air       22%        N/A       17%         2
 Call Imp                 Summ           16%        N/A       22%         2
 Passwall                 Tmut/Erth      6%         N/A       22%         2
 Wereblood                Tmut           8%         N/A       22%         2
 Swiftness                Air            14%        N/A       26%         3
 Spider Form              Tmut/Pois      8%         N/A       38%         3
 Olgreb's Toxic Radiance  Pois           8%         N/A       80%         4
 Borgnjor's Vile Clutch   Necr/Erth      7%         N/A       94%         5
 Blade Hands              Tmut           4%         N/A       98%         5
 Death Channel            Necr           10%        N/A       100%        6
 Simulacrum               Ice/Necr       7%         N/A       100%        6


Dungeon Overview and Level Annotations

Branches:
Dungeon (13/15)            Temple (1/1) D:4            Lair (3/5) D:11
 Shoals (0/4) Lair:2        Snake (0/4) Lair:3
    Orc: D:9-12      Vaults: D:13-14

Altars:
Ashenzari
Cheibriados
Dithmenos
Elyvilon
Fedhas
Gozag
Hepliaklqana
Kikubaaqudgha
Makhleb
Nemelex Xobeh
Okawaru
Qazlal
Ru
Sif Muna
Trog
Uskayaw
Vehumet
Wu Jian
Xom
Yredelemnul
Zin
The Shining One

Shops:
D:2 [

Annotations:
D:3 1 runed translucent door, monsoonserge's ghost, amateur MeMo
D:9 Gastronok
Lair:2 exclusion: fire dragon


Message History

Casting: Dazzling Flash (mildly dangerous; 4% risk of failure)
Confirm with . or Enter, or press ? or * to list all spells.
Casting: Dazzling Flash (mildly dangerous; 4% risk of failure)
Press: ? - help, Dir - look around, f - activate The wolf spider is dazzled.
You feel sick. The wolf spider misses you. You block the wolf spider's attack.
Casting: Dazzling Flash (mildly dangerous; 4% risk of failure)
Confirm with . or Enter, or press ? or * to list all spells.
You erupt in a blast of force!
The mystic blast hits the wolf spider.
The wolf spider is heavily wounded.
The wolf spider is knocked back by the mystic blast.
You feel sick.
Unknown command.
You catch the helpless wolf spider completely off-guard!
You slash the wolf spider! You freeze the wolf spider.
The wolf spider is almost dead.
You feel sick. The wolf spider closely misses you. x2
You closely miss the wolf spider.
The wolf spider is almost dead.
You feel sick. The wolf spider hits you! The wolf spider closely misses you. x3
You catch the helpless wolf spider completely off-guard!
You hit the wolf spider. You freeze the wolf spider.
The wolf spider is almost dead.
You feel sick.
The wolf spider is no longer blind.
The wolf spider hits you!
* * * LOW HITPOINT WARNING * * *
The wolf spider bites you!
* * * LOW HITPOINT WARNING * * *
You are more poisoned.
The wolf spider poisons you! The wolf spider hits you!
* * * LOW HITPOINT WARNING * * *
The wolf spider bites you but does no damage.
Okay, then.
As you read the scroll of fear, it crumbles to dust.
You assume a fearsome visage.
The wolf spider looks frightened!
* * * LOW HITPOINT WARNING * * *
You feel extremely sick.
* * * LOW HITPOINT WARNING * * *
You feel very sick.
You die...
Kikubaaqudgha rasps: "You have failed me!
Welcome... death!"

..............#***.......,,,,,,,,
..............# *.......,,,,,,,,
..............####.......,**,,,,*
.........................,*,*,,,*
.......>.............s...,,**,,,,
.........................,,,,,,,,
.........................,,,,,,,,
.........................,,,,,,,,
....##......#.##@...##...,,,,,,,,
..####.....######...#**......*,*,
.#* ##....# #<...#*#.....,.## ##
#...## *#...##*#.....,,..
.######....####*....#.##....#**..
##.#.#.........,............# *..
...............,............# ##.
...............,............###..
####..........................#..


You could see a wolf spider (fleeing).

Vanquished Creatures
  2 hydras
  A two-headed ogre (D:12)
  A centaur warrior (D:13)
  2 skysharks (Lair:2)
  Lodul (D:13)
  A sea snake (D:13)
  A harpy (Lair:2)
  2 ugly things (D:13)
  2 manticores (D:12)
  4 cyclopes
  6 black mambas (Lair:3)
  8 cane toads
  5 kobold demonologists
  3 komodo dragons
  A rime drake (Lair:1)
  A tengu conjurer (D:13)
  4 trolls
  25 blink frogs
  Sigmund (D:4)
  2 wyverns
  A vampire (D:11)
  5 slime creatures (D:11)
  2 shadows
  A wraith (D:10)
  18 yaks
  2 vampire mosquitoes (D:13)
  A basilisk (Lair:3)
  A golden eye (D:6)
  An acid dragon (D:8)
  15 water moccasins
  Duvessa (D:4)
  3 black bears (D:6)
  3 ice beasts
  2 orc warriors
  6 ogres
  A wolf (D:9)
  3 boggarts (D:11)
  5 kobold brigands
  A phantom (D:4)
  An elf zombie (D:7)
  A gnoll sergeant (D:6)
  A scorpion (D:6)
  8 bullfrogs
  An elf skeleton (D:7)
  8 wights
  Dowan (D:4)
  6 killer bees (D:11)
  4 howler monkeys
  5 electric eels
  3 jellies
  5 orc priests
  5 hounds
  2 gnoll boudas
  A human skeleton (D:7)
  7 iguanas
  15 orc wizards
  6 hell rats
  Robin (D:4)
  13 gnolls
  14 adders
  3 white imps (D:9)
  An ufetubus (D:9)
  2 worms
  9 dart slugs (D:3)
  41 orcs
  3 endoplasms
  5 giant cockroaches
  13 goblins
  10 hobgoblins
  9 jackals
  20 kobolds
  4 quokkas
  4 ball pythons
  5 bats
  An orc skeleton (D:7)
  2 orc zombies (D:7)
  2 rats
387 creatures vanquished.

Vanquished Creatures (collateral kills)
  A polar bear (Lair:3)
  A basilisk (Lair:3)
  An orc warrior (D:9)
  2 ogres (D:13)
  5 wights
10 creatures vanquished.

Vanquished Creatures (others)
  7 dancing weapons
7 creatures vanquished.

Grand Total: 404 creatures vanquished

Notes
Turn   | Place    | Note
-------+----------+-------------------------------------------
     0 | D:1      | thromnambular the Human Conjurer began the quest for the
                  | Orb.
     0 | D:1      | Reached XP level 1. HP: 13/13 MP: 3/3
   153 | D:1      | Reached XP level 2. HP: 15/19 MP: 0/5
   271 | D:1      | Learned a level 2 spell: Searing Ray
   299 | D:1      | Found a faded altar of an unknown god.
   753 | D:1      | Reached XP level 3. HP: 24/24 MP: 2/6
   876 | D:1      | Learned a level 3 spell: Dazzling Flash
  1196 | D:2      | Found Ymuproj's Antique Armour Emporium.
  2199 | D:3      | Reached XP level 4. HP: 30/30 MP: 3/7
  3063 | D:2      | Bought a cloak for 112 gold pieces
  3220 | D:3      | Found a runed translucent door.
  3220 | D:3      | Noticed monsoonserge's ghost (amateur MeMo)
  3283 | D:3      | Reached XP level 5. HP: 36/36 MP: 8/8
  3690 | D:4      | Noticed Robin
  3695 | D:3      | Reached skill level 1 in Fighting
  3727 | D:4      | Found a white marble altar of Elyvilon.
  3779 | D:4      | Noticed an ogre
  3949 | D:4      | Killed Robin
  4055 | D:4      | Found a staircase to the Ecumenical Temple.
  4062 | D:4      | Killed an ogre
  4063 | D:4      | Reached skill level 2 in Fighting
  4063 | D:4      | Reached skill level 5 in Conjurations
  4063 | D:4      | Reached XP level 6. HP: 44/44 MP: 3/9
  4066 | Temple   | Entered the Ecumenical Temple
  4377 | Temple   | Became a worshipper of Kikubaaqudgha
  4483 | D:4      | Noticed a water moccasin
  4493 | D:4      | Killed a water moccasin
  4673 | D:4      | Reached XP level 7. HP: 51/51 MP: 7/10
  4683 | D:4      | Reached skill level 3 in Fighting
  4743 | D:4      | Learned a level 4 spell: Iskenderun's Mystic Blast
  4821 | D:4      | Noticed Sigmund
  4830 | D:4      | Killed Sigmund
  5088 | D:4      | Reached skill level 5 in Dodging
  5148 | D:4      | Reached skill level 1 in Translocations
  5263 | D:4      | Noticed Dowan
  5269 | D:4      | Reached XP level 8. HP: 60/60 MP: 8/11
  5274 | D:4      | Killed Dowan
  5275 | D:4      | Reached skill level 4 in Fighting
  5275 | D:4      | Noticed Duvessa
  5280 | D:5      | Entered Level 5 of the Dungeon
  5388 | D:5      | Reached * piety under Kikubaaqudgha
  5388 | D:5      | Received a gift from Kikubaaqudgha
  5548 | D:4      | Killed Duvessa
  6028 | D:5      | Reached skill level 1 in Polearms
  6575 | D:6      | Reached skill level 5 in Fighting
  6940 | D:6      | Found an ornate altar of the Wu Jian Council.
  6941 | D:6      | Upgraded the game from 0.30.0-11-gf55b779eaf to
                  | 0.30.0-15-g856e2d3f33
  6944 | D:6      | Found an opulent altar of Gozag.
  6944 | D:6      | Found a burning altar of Makhleb.
  6953 | D:6      | Reached XP level 9. HP: 57/68 MP: 14/14
  7211 | D:6      | Learned a level 3 spell: Tukima's Dance
  7342 | D:6      | Noticed Prince Ribbit
  7351 | D:6      | Prince Ribbit changed into Prince Ribbit the golden eye
  7351 | D:6      | Noticed Prince Ribbit
  7376 | D:6      | Killed Prince Ribbit the golden eye
  7377 | D:6      | Reached skill level 6 in Fighting
  7377 | D:6      | Reached skill level 1 in Hexes
  8126 | D:7      | Reached ** piety under Kikubaaqudgha
  9216 | D:7      | Reached skill level 1 in Shields
  9466 | D:7      | Reached skill level 5 in Polearms
  9962 | D:7      | Reached skill level 7 in Fighting
  9962 | D:7      | Reached XP level 10. HP: 61/75 MP: 11/16
 10098 | D:8      | Found a sparkling altar of Nemelex Xobeh.
 10252 | D:8      | Found a snail-covered altar of Cheibriados.
 10253 | D:8      | Found a broken altar of Ashenzari.
 11100 | D:9      | Reached *** piety under Kikubaaqudgha
 11100 | D:9      | Received a gift from Kikubaaqudgha
 11579 | D:9      | Reached skill level 8 in Fighting
 11649 | D:9      | Reached skill level 1 in Armour
 12185 | D:9      | Noticed a kobold demonologist
 12202 | D:9      | Noticed a soul eater
 12210 | D:9      | Noticed a kobold demonologist
 12230 | D:9      | Killed a kobold demonologist
 12238 | D:9      | Killed a kobold demonologist
 12413 | D:9      | Reached XP level 11. HP: 78/87 MP: 18/18
 12461 | D:9      | Noticed Gastronok
 12488 | D:10     | Entered Level 10 of the Dungeon
 12739 | D:10     | Reached skill level 5 in Spellcasting
 12743 | D:10     | Noticed a sixfirhy
 13231 | D:10     | Reached skill level 9 in Fighting
 13411 | D:10     | Reached **** piety under Kikubaaqudgha
 14002 | D:11     | Learned a level 5 spell: Agony
 14494 | D:11     | Reached skill level 5 in Armour
 15209 | D:11     | Noticed a cyclops
 15240 | D:11     | HP: 2/89 [vampire/vampiric draining (13)]
 16059 | D:11     | Killed a cyclops
 16060 | D:11     | Reached skill level 1 in Axes
 16616 | D:11     | Found a staircase to the Lair.
 16625 | Lair:1   | Entered Level 1 of the Lair of Beasts
 16758 | Lair:1   | Reached XP level 12. HP: 84/95 MP: 21/21
 17651 | Lair:2   | Noticed a fire dragon
 17686 | Lair:2   | Noticed a seven-headed hydra
 17981 | Lair:2   | Found a frozen archway.
 17989 | Lair:2   | Noticed a skyshark
 18529 | D:12     | Noticed a two-headed ogre
 18640 | D:12     | Killed a two-headed ogre
 18739 | D:12     | You fall into a shaft and drop 1 floor!
 18853 | D:13     | Reached skill level 10 in Fighting
 18927 | D:13     | Noticed Lodul
 18936 | D:13     | Killed Lodul
 19156 | D:13     | Learned a level 3 spell: Mephitic Cloud
 19181 | D:13     | Noticed a seven-headed hydra
 19232 | D:13     | Killed a seven-headed hydra
 19233 | D:13     | Reached skill level 5 in Axes
 19233 | D:13     | Reached skill level 1 in Air Magic
 19433 | D:13     | Noticed a boulder beetle
 19434 | D:13     | a boulder beetle changed into a sea snake
 19434 | D:13     | Noticed a sea snake
 19447 | D:13     | Killed a sea snake
 19448 | D:13     | Reached skill level 1 in Necromancy
 19448 | D:13     | Reached XP level 13. HP: 56/104 MP: 13/22
 19773 | D:13     | Noticed a centaur warrior
 19788 | D:13     | Killed a centaur warrior
 20658 | Lair:2   | Found a staircase to the Shoals.
 21050 | Lair:2   | Reached skill level 11 in Fighting
 21537 | Lair:2   | Killed a seven-headed hydra
 21702 | Lair:3   | Reached ***** piety under Kikubaaqudgha
 22152 | Lair:3   | Identified the +5 leather armour of Koush {Harm}
 22358 | Lair:3   | Found a staircase to the Snake Pit.
 22552 | Lair:3   | Reached XP level 14. HP: 98/113 MP: 23/23
 22817 | Lair:3   | HP: 2/113 [poisoned by a wolf spider]
 22818 | Lair:3   | Succumbed to a wolf spider's poison

Illustrated notes

Levels and vault maps discovered:
D:1:      wander_arrival_desolate, layout_basic, chequers_ecumenical_altar_grove
D:2:      layout_loops_ring, serial_shops, nicolae_shop_getting_attention,
          amcnicky_mini_rare_corridor_liquid
D:3:      kennysheep_slugbush, layout_basic, ebering_ghost_reflecting_pool,
          chequers_serial_rivers_room_a, minmay_statues_item
D:4:      layout_rooms, mainiacjoe_overflow_tiny_flanked,
          minmay_temple_entry_statues_pillars, serial_corexii_hall,
          corexii_hall_statues_i, corexii_hall_statues_t, uniq_robin,
          uniq_duvessa, uniq_sigmund
D:5:      layout_basic, kennysheep_small_spiral
D:6:      layout_loops_ring, grunt_temple_overflow_open,
          mumra_transporter_accident, minmay_misc_feat_cross,
          grunt_ministairs_2, uniq_prince_ribbit1
D:7:      layout_layer_cave, nicolae_ossuary_entry_catacombs
D:8:      minmay_flawed_box, layout_loops_ring,
          nemelex_xobeh_ov_fountains_minmay, mainiacjoe_overflow_big_doors
D:9:      layout_basic, serial_ice, serial_ice_c, serial_ice_h, serial_ice_k,
          serial_ice_d, serial_ice_g, uniq_gastronok
D:10:     layout_basic, grunt_ogre_cave
D:11:     minmay_spotlight, layout_basic, david_lair_shrubbed
D:12:     layout_rooms, orc_0_dummy, st_stairs_4
D:13:     layout_loops_corners, uniq_lodul
Temple:   nicolae_temple_bog_church
Lair:1:   layout_regular_city, grunt_megastairs_3
Lair:2:   dragon1_lemuel, layout_gridlike, nicolae_shoals_entry_roost,
          portal_ice_cave_entry_pillars_2, grunt_megastairs_2,
          lemuel_fruit_fields
Lair:3:   minmay_lair_venomous_thicket, layout_small_grid,
          minmay_snake_entry_six_corridors, infiniplex_staircase_pool,
          lemuel_fruit_fields, serial_bayou_shore_b

Skill      XL: |  1  2  3  4  5  6  7  8  9 10 11 12 13 14 |
---------------+-------------------------------------------+-----
Stealth        | 3 |  3.0
Dodging        | 3 4 5 7 8 |  8.3
Fighting       | 2 3 5 7 8 9 10 11 | 11.5
Conjurations   | 5 6 7 8 |  8.3
Translocations | 1 2 4 |  4.1
Polearms       | 2 5 7 8 |  8.0
Spellcasting   | 3 4 6 |  6.0
Hexes          | 2 |  2.7
Shields        | 1 4 |  4.0
Armour         | 2 5 7 8 |  8.0
Axes           | 1 5 7 8 |  8.1
Air Magic      | 1 |  1.2
Necromancy     | 1 2 |  2.4

Action                     |  1- 3 |  4- 6 |  7- 9 | 10-12 | 13-15 || total
---------------------------+-------+-------+-------+-------+-------++-------
  Melee: Club              |    13 |       |       |       |       ||    13
         Unarmed           |     2 |       |       |       |       ||     2
         Whip              |    15 |     8 |       |       |       ||    23
         Trident           |       |    45 |   214 |   366 |     8 ||   633
         Punch             |       |       |     3 |       |       ||     3
         Staff             |       |       |       |     1 |       ||     1
         Broad axe         |       |       |       |   254 |   289 ||   543
   Cast: Magic Dart        |    71 |    22 |    16 |    12 |     3 ||   124
         Searing Ray       |     2 |    14 |    15 |     7 |     4 ||    42
         Iskenderun's Myst |       |       |    15 |    57 |    42 ||   114
         Dazzling Flash    |       |       |     8 |    28 |    11 ||    47
         Tukima's Dance    |       |       |    12 |    25 |     5 ||    42
         Mephitic Cloud    |       |       |       |     4 |     2 ||     6
  Evoke: Wand              |       |       |     4 |    36 |    13 ||    53
         Box of beasts     |       |       |       |     2 |     1 ||     3
    Use: Scroll            |     4 |     5 |     7 |    19 |     4 ||    39
         Potion            |       |       |     3 |    15 |     2 ||    20
   Stab: Sleeping          |       |     2 |    14 |     7 |     2 ||    25
         Invisible         |       |       |     4 |    13 |     5 ||    22
         Distracted        |       |       |       |     2 |     3 ||     5
 Armour: Robe              |     6 |    10 |    30 |    11 |       ||    57
         Leather armour    |       |       |       |    85 |       ||    85
         Troll leather arm |       |       |       |    97 |    86 ||   183
  Dodge: Dodged            |    26 |    33 |   137 |   391 |   173 ||   760
  Block: Other             |       |       |    19 |    48 |       ||    67
         Reflection        |       |       |       |     6 |     1 ||     7
         Buckler           |       |       |       |   210 |   186 ||   396
